 Dungeon Crawl Stone Soup version 0.17.0-26-gececa24 (webtiles) character file.

1225 Ace the Destroyer (level 8, 57/57 HPs)
             Began as a Yellow Draconian Conjurer on Nov 21, 2015.
             Was an Initiate of Vehumet.
             Quit the game on level 5 of the Dungeon.
             The game lasted 00:13:34 (6888 turns).

Ace the Destroyer (Yellow Draconian Conjurer)       Turns: 6888, Time: 00:13:34

Health: 57/57      AC:  6    Str: 11    XL:     8   Next: 23%
Magic:  17/18      EV: 12    Int: 18    God:    Vehumet [......]
Gold:   320        SH:  0    Dex: 11    Spells: 3 memorised, 13 levels left

rFire  . . .     SeeInvis .     (no weapon)
rCold  . . .     Clarity  .     (armour unavailable)
rNeg   . . .     SustAt   .     (no shield)
rPois  +         Gourm    .     (helmet restricted)
rElec  .         Spirit   .     (no cloak)
rCorr  +         Warding  .     (no gloves)
rMut   .         Stasis   .     (no boots)
MR     .....                    (no amulet)
Stlth  ++........               (no ring)
                                d - ring of poison resistance

@: not resistant to hostile enchantments, unstealthy
A: spit acid, acid resistance, unfitting armour, cold-blooded, AC +6
a: Spit Acid, Renounce Religion


You were on level 5 of the Dungeon.
You worshipped Vehumet.
Vehumet was noncommittal.
You were hungry.

You visited 2 branches of the dungeon, and saw 6 of its levels.

You collected 320 gold pieces.

Inventory:

Hand Weapons
 C - the +1 spear of the Yoke {pierce, rF+ MP+9, unknown}
   (You found it on level 4 of the Dungeon)

   It inflicts extra damage upon your enemies.
   It protects you from fire.
   It affects your magic capacity (+9).
Armour
 u - a cursed +0 cloak
 w - a +2 buckler
Jewellery
 d - a ring of poison resistance (left hand)
 e - an uncursed ring of ice
 r - an uncursed ring of protection from fire {unknown}
 v - an uncursed amulet of rage {unknown}
 E - an uncursed amulet of regeneration {unknown}
Wands
 A - a wand of fireball (4)
Scrolls
 g - 2 scrolls of fog {unknown}
 h - a scroll of recharging {unknown}
 i - 3 scrolls of identify {unknown}
 l - a scroll of remove curse {unknown}
 x - a scroll of blinking {unknown}
 y - a scroll of fear {unknown}
 z - a scroll of noise {unknown}
Potions
 f - a potion of lignification {unknown}
 j - a potion of magic {unknown}
 k - 2 potions of brilliance {unknown}
 n - a potion of curing
 o - a potion of resistance {unknown}
 q - a potion of poison {unknown}
 s - 2 potions of flight {unknown}
 t - 2 potions of cure mutation {unknown}
 B - a potion of haste {unknown}
Books
 a - a book of Conjurations

   Spells                             Type                      Level
   a - Magic Dart                     Conjuration                  1
   b - Searing Ray                    Conjuration                  2
   c - Dazzling Spray                 Conjuration/Hexes            3
   d - Fulminant Prism                Conjuration/Hexes            4
   e - Iskenderun's Mystic Blast      Conjuration                  4
   f - Iskenderun's Battlesphere      Conjuration/Charms           5
Comestibles
 b - 3 bread rations
 c - 4 meat rations
 m - 3 beef jerkies
 p - a fruit


   Skills:
 - Level 1.7 Dodging
 - Level 1.7 Stealth
 + Level 6.8 Spellcasting
 + Level 8.0 Conjurations


You had 13 spell levels left.
You knew the following spells:

 Your Spells              Type           Power        Failure   Level  Hunger
a - Magic Dart            Conj           ####         1%          1    None
b - Searing Ray           Conj           #####.       1%          2    None
c - Iskenderun's Mystic   Conj           #####...     4%          4    ####...


Dungeon Overview and Level Annotations

Branches:
Dungeon (5/15)             Temple (1/1) D:5

Altars:
Dithmenos
Elyvilon
Gozag
Kikubaaqudgha
Nemelex Xobeh
Qazlal
Ru
Sif Muna
Trog
Vehumet
Xom
The Shining One

Shops:
D:4 (


Innate Abilities, Weirdness & Mutations

You can spit globs of acid.
You are resistant to acid.
Your golden yellow scales are hard (AC +6).
Your body does not fit into most forms of armour.
You are cold-blooded and may be slowed by cold attacks.


Message History

HP restored.
Okay, then.
As you open the door, it creaks loudly!
Found a stone staircase leading down.
There is an open door here.
m - 3 beef jerkies (gained 1)
Found a stone staircase leading down.
Found an escape hatch in the ceiling.
You are feeling hungry.
Found a stone staircase leading up.
There is a stone staircase leading up here.
A megabat comes into view.
Casting: Searing Ray
Confirm with . or Enter, or press ? or * to list all spells.
Aiming: Magic Dart
Press: ? - help, Shift-Dir - straight line, f - megabat
Aim: a megabat (resting)
The magic dart hits the megabat.
A giga bat comes into view.
Are you sure you want to abandon this character and quit the game? (Confirm with "yes".)

...........## #.........
......####.# #...###.
..........## # #.....).
..#.#.#..## ## .# #.....).
..#......# .# b# ##..#.#.
.....##.## .##.# #..[#.#.
.....##.# ##..b# ###.#...
.....##.# #...# ####.####
.....##.## #@# ##........
.....##..##### #.## ###..##.#...
.............####.####.....<.'...
.##............<..........####...
.'...............................
.##.........######.###.#.........
.##........... ...# #.#######...
............### # ## #. ###..
........>..... .. .....


You could see a giga bat and a megabat.

Vanquished Creatures
  Pikel (D:4)
  3 slaves
  A phantom (D:4)
  Blork the orc (D:5)
  A water moccasin zombie (D:5)
  2 scorpions (D:4)
  A water moccasin skeleton (D:5)
  2 giant frog zombies (D:5)
  A giant frog skeleton (D:5)
  2 orc wizards (D:3)
  Crazy Yiuf (D:3)
  An orc priest (Temple)
  Terence (D:3)
  3 gnolls (D:4)
  4 adders
  A shadow imp (D:5)
  2 worms
  3 giant geckos
  14 orcs
  2 ball pythons
  12 goblins
  8 hobgoblins
  2 jackals (D:1)
  3 quokkas
  6 bats
  4 giant cockroaches
  A giant gecko skeleton (D:5)
  6 giant newts
  6 kobolds
  11 rats
106 creatures vanquished.

Notes
Turn   | Place    | Note
--------------------------------------------------------------
     0 | D:1      | Ace the Draconian Conjurer began the quest for the Orb.
     0 | D:1      | Reached XP level 1. HP: 14/14 MP: 3/3
   191 | D:1      | Reached XP level 2. HP: 20/20 MP: 1/5
   238 | D:1      | Learned a level 2 spell: Searing Ray
  1279 | D:2      | Reached XP level 3. HP: 26/26 MP: 5/7
  2700 | D:3      | Reached XP level 4. HP: 33/33 MP: 5/8
  2702 | D:3      | Noticed Terence
  2736 | D:3      | Killed Terence
  2736 | D:3      | Reached skill level 5 in Conjurations
  3047 | D:3      | Learned a level 4 spell: Iskenderun's Mystic Blast
  3196 | D:3      | Found a shadowy altar of Dithmenos.
  3202 | D:3      | Found a stormy altar of Qazlal.
  3243 | D:3      | Found a shimmering altar of Xom.
  3247 | D:3      | Found an ancient bone altar of Kikubaaqudgha.
  3425 | D:3      | Reached XP level 5. HP: 38/38 MP: 6/10
  3700 | D:3      | Noticed Crazy Yiuf
  3715 | D:3      | Killed Crazy Yiuf
  4373 | D:4      | Reached XP level 6. HP: 45/45 MP: 5/12
  4593 | D:4      | Found a deep blue altar of Sif Muna.
  4599 | D:4      | Noticed a phantom
  4620 | D:4      | Killed a phantom
  4620 | D:4      | Reached skill level 6 in Conjurations
  4889 | D:4      | Found Iggoif's Antique Weapon Boutique.
  5154 | D:4      | Found a bloodstained altar of Trog.
  5262 | D:4      | Reached skill level 5 in Spellcasting
  5479 | D:4      | Got a steaming spear
  5506 | D:5      | Entered Level 5 of the Dungeon
  5520 | D:5      | Noticed Pikel
  5787 | D:5      | Noticed Blork the orc
  5823 | D:4      | Killed Pikel
  5823 | D:4      | Reached skill level 7 in Conjurations
  5823 | D:4      | Your scales start taking on a golden yellow colour.
  5823 | D:4      | Reached XP level 7. HP: 32/50 MP: 1/16
  5991 | D:5      | Killed Blork the orc
  6108 | D:5      | Reached XP level 8. HP: 52/57 MP: 9/17
  6184 | D:5      | Found a staircase to the Ecumenical Temple.
  6207 | Temple   | Entered the Ecumenical Temple
  6221 | Temple   | Became a worshipper of Vehumet
  6729 | D:5      | Reached skill level 8 in Conjurations
  6888 | D:5      | Quit the game

Action                   |  1- 3 |  4- 6 |  7- 9 || total
-------------------------+-------+-------+-------++-------
Melee: Unarmed           |    13 |     4 |       ||    17
 Cast: Magic Dart        |    84 |    42 |     8 ||   134
       Searing Ray       |     1 |    31 |    15 ||    47
  Eat: Chunk             |     6 |     7 |     4 ||    17
       Fruit             |       |     2 |       ||     2
